[Event "Titled Tuesday Blitz November 07 Early 2023"]
[White "Awoki, Daniel Teidi"]
[Black "ChessDojo"]
[WhiteFideId "2100827"]
[WhiteElo "2286"]
[BlackElo "2130"]
[Result "0-1"]
[Round "10"]
[TimeControl "180+1"]
[Date "2023.11.07"]
[WhiteClock "0:00:09"]
[BlackClock "0:01:07"]
[Board "143"]

1. d4 d5 2. Nf3 Nf6 3. Bf4 c5 4. e3 Nc6 5. c3 Qb6 6. b3 Bf5 7. Nbd2 cxd4 8. exd4 e6 9. Be2 h6 10. h3 Be7 11. O-O O-O 12. Ne5 Rac8 13. Rc1 Nxe5 14. dxe5 Ne4 15. Nxe4 Bxe4 16. Bd3 Bxd3 17. Qxd3 Ba3 18. Rc2 Rc7 19. Rd1 Rfc8 20. Qg3 Kh8 21. Qh4 Be7 22. Qh5 Kh7 23. Rd3 Bf8 24. Rg3 g6 25. Qe2 Bg7 26. h4 h5 27. Bg5 Qc5 28. Bf6 b5 29. Rg5 Bh6 30. Rg3 b4 31. c4 dxc4 32. Rxc4 Qd5 33. Rd3 Qa5 34. Rxc7 Qxc7 35. Kh2 Qc1 36. g3 Qc2 37. Qxc2 Rxc2 38. Rd8 Bg7 39. Kg2 Rxa2 40. Rd7 Bxf6 41. exf6 Kg8 42. Rd8+ Kh7 43. Rf8 a5 44. Rxf7+ Kg8 45. Ra7 Ra3 46. Kh3 Rxb3 47. Rxa5 Kf7 48. Kg2 Kxf6 49. Rb5 Rb2 50. Kf3 b3 51. Kf4 Rxf2+ 52. Ke3 Rg2 53. Kf3 Rb2 54. Ke3 Rb1 55. Kf3 b2 56. Kg2 e5 57. Rb4 Kf5 58. Kh2 e4 59. Kg2 e3 60. Rb5+ Ke4 61. Rb4+ Kd3 62. Rb3+ Kc2 0-1


[Site "https://www.chess.com"]

[Event "Titled Tuesday Blitz November 07 Early 2023"]
[White "Todev, Simeon"]
[Black "Mohammadian,Mohammad"]
[WhiteFideId "2925133"]
[BlackFideId "12566055"]
[WhiteElo "2340"]
[BlackElo "1902"]
[Result "1-0"]
[Round "10"]
[TimeControl "180+1"]
[Date "2023.11.07"]
[WhiteClock "0:02:29"]
[BlackClock "0:01:25"]
[Board "145"]

1. e4 e5 2. Nf3 Nc6 3. d4 exd4 4. Bc4 Bb4+ 5. c3 dxc3 6. O-O d6 7. Qb3 Qd7 8. bxc3 Bc5 9. e5 Nxe5 10. Nxe5 dxe5 11. Rd1 Qf5 12. Qb5+ c6 13. Qxc5 Nf6 14. Ba3 Ng8 15. Qf8# 1-0


[Site "https://www.chess.com"]

[Event "Titled Tuesday Blitz November 07 Early 2023"]
[White "katharinareinecke"]
[Black "Fernandez Hernandez, Gerardo"]
[BlackFideId "2207400"]
[WhiteElo "1912"]
[BlackElo "2132"]
[Result "1-0"]
[Round "10"]
[TimeControl "180+1"]
[Date "2023.11.07"]
[WhiteClock "0:01:10"]
[BlackClock "0:00:02"]
[Board "146"]

1. d4 Nf6 2. c4 c5 3. Nf3 cxd4 4. Nxd4 e5 5. Nf3 Nc6 6. Nc3 Bc5 7. e3 O-O 8. Be2 d6 9. O-O e4 10. Nd4 Ne5 11. a3 a5 12. Qc2 Re8 13. b3 Nc6 14. Rd1 Qe7 15. Ndb5 Bf5 16. Na4 Rad8 17. Nxc5 dxc5 18. Bb2 Ne5 19. Rxd8 Rxd8 20. Rd1 Nd3 21. Bxd3 exd3 22. Qd2 Ne4 23. Qxa5 d2 24. Nc3 h6 25. Nxe4 Qxe4 26. Qxd8+ Kh7 27. Qxd2 Qe6 28. f3 Bg6 29. e4 Qc6 30. Qc3 Qe8 31. Qxg7# 1-0


[Site "https://www.chess.com"]

[Event "Titled Tuesday Blitz November 07 Early 2023"]
[White "Fajdetic, Hrvoje"]
[Black "Ghosh, Chanchal Kumer"]
[WhiteFideId "14501945"]
[BlackFideId "10201858"]
[WhiteElo "2300"]
[BlackElo "1970"]
[Result "0-1"]
[Round "10"]
[TimeControl "180+1"]
[Date "2023.11.07"]
[WhiteClock "0:00:16"]
[BlackClock "0:00:18"]
[Board "147"]

1. d4 d5 2. Bf4 e6 3. e3 Nf6 4. Nf3 Bd6 5. Bg3 c5 6. c3 Nc6 7. Nbd2 Qc7 8. Bb5 O-O 9. Bxc6 bxc6 10. dxc5 Bxg3 11. hxg3 a5 12. Qc2 e5 13. b4 axb4 14. cxb4 Re8 15. O-O Qe7 16. a4 Bd7 17. Rab1 Ng4 18. b5 Qf6 19. Rfd1 e4 20. Nxe4 dxe4 21. Rxd7 exf3 22. gxf3 Qxf3 23. b6 Nxe3 24. fxe3 Qxg3+ 25. Qg2 Qxe3+ 26. Qf2 Qg5+ 27. Kf1 Qg6 28. Rbd1 h5 29. b7 Rxa4 30. Rd8 Rxd8 31. Rxd8+ Kh7 32. Rh8+ Kxh8 33. b8=Q+ Kh7 34. Qb1 Qxb1+ 35. Kg2 Ra2 0-1


[Site "https://www.chess.com"]

[Event "Titled Tuesday Blitz November 07 Early 2023"]
[White "Gyulamiryan-koryun"]
[Black "abelmat"]
[WhiteElo "1883"]
[BlackElo "1962"]
[Result "0-1"]
[Round "10"]
[TimeControl "180+1"]
[Date "2023.11.07"]
[WhiteClock "0:00:00"]
[BlackClock "0:00:21"]
[Board "148"]

1. e4 e6 2. d4 d5 3. Nd2 Nc6 4. c3 e5 5. Bb5 dxe4 6. Nxe4 exd4 7. Qxd4 Qxd4 8. cxd4 Bd7 9. Nc5 O-O-O 10. Nxd7 Rxd7 11. Nf3 Bb4+ 12. Bd2 Re7+ 13. Kd1 Bxd2 14. Bxc6 Bf4 15. Bb5 c6 16. Bc4 Nf6 17. g3 Bd6 18. Ng5 Rf8 19. Re1 Rxe1+ 20. Kxe1 h6 21. Nxf7 Bb4+ 22. Ke2 Re8+ 23. Kf3 Kd7 24. a3 Bf8 25. Ne5+ Kc7 26. b4 Bd6 27. Nf7 Bf8 28. g4 g5 29. Ne5 Bg7 30. Rd1 Rf8 31. Kg2 Rd8 32. Be2 Ne4 0-1


[Site "https://www.chess.com"]

[Event "Titled Tuesday Blitz November 07 Early 2023"]
[White "Blackwhite017"]
[Black "Petersson, Kjell"]
[BlackFideId "1705148"]
[WhiteElo "2014"]
[BlackElo "2125"]
[Result "0-1"]
[Round "10"]
[TimeControl "180+1"]
[Date "2023.11.07"]
[WhiteClock "0:01:12"]
[BlackClock "0:00:58"]
[Board "149"]

1. e4 c5 2. Nf3 d6 3. Nc3 Nf6 4. e5 dxe5 5. Nxe5 Nc6 6. Nxc6 bxc6 7. Bc4 e6 8. O-O a5 9. d3 Ba6 10. Bxa6 Rxa6 11. Qf3 Bd6 12. Bg5 Be7 13. Rae1 O-O 14. Ne4 Nxe4 15. Bxe7 Qxe7 16. Rxe4 Rb8 17. b3 a4 18. Rxa4 Rxa4 19. bxa4 Qb7 20. Qe3 Qb4 21. f4 g6 22. Qe5 Ra8 23. Qd6 Rxa4 24. Qxc6 Rxa2 25. c4 Rd2 26. Qd6 Qb2 27. Qc6 Qd4+ 28. Kh1 Rxd3 29. f5 Rd1 30. Qf3 Rxf1+ 31. Qxf1 exf5 32. Qe2 Qa1+ 0-1


[Site "https://www.chess.com"]

[Event "Titled Tuesday Blitz November 07 Early 2023"]
[White "Le, Quang Liem"]
[Black "Carlsen, Magnus"]
[WhiteFideId "12401137"]
[BlackFideId "1503014"]
[WhiteElo "3079"]
[BlackElo "3264"]
[Result "0-1"]
[Round "11"]
[TimeControl "180+1"]
[Date "2023.11.07"]
[WhiteClock "0:00:00"]
[BlackClock "0:00:43"]
[Board "1"]

1. Nf3 g6 2. e4 c5 3. c3 d5 4. exd5 Qxd5 5. d4 Bg7 6. dxc5 Qxc5 7. Be3 Qa5 8. Nbd2 Nf6 9. Nc4 Qc7 10. Nd4 a6 11. Qf3 Nbd7 12. Be2 O-O 13. O-O e5 14. Nb3 Rb8 15. Rfd1 b5 16. Nd6 Nb6 17. Nxc8 Qxc8 18. Na5 e4 19. Qg3 Nfd5 20. Bd4 Re8 21. Bxg7 Kxg7 22. Rd4 Nf6 23. Rad1 Na4 24. Rb1 Qf5 25. b3 e3 26. Bd3 Qxf2+ 27. Qxf2 exf2+ 28. Kxf2 Nxc3 29. Rc1 Nxa2 30. Rc2 Rbd8 31. Rxd8 Rxd8 32. Rxa2 Rxd3 33. Nc6 Ne4+ 34. Ke2 Rd6 35. Rxa6 Nc5 36. Rb6 Nxb3 37. Ke3 Na5 0-1


[Site "https://www.chess.com"]

[Event "Titled Tuesday Blitz November 07 Early 2023"]
[White "Duda, Jan-Krzysztof"]
[Black "Xiong, Jeffery"]
[WhiteFideId "1170546"]
[BlackFideId "2047640"]
[WhiteElo "3090"]
[BlackElo "3020"]
[Result "0-1"]
[Round "11"]
[TimeControl "180+1"]
[Date "2023.11.07"]
[WhiteClock "0:00:01"]
[BlackClock "0:00:11"]
[Board "2"]

1. e4 e5 2. Nf3 Nc6 3. Bb5 Nf6 4. d3 Bc5 5. Bxc6 dxc6 6. O-O Nd7 7. c3 h6 8. Nbd2 O-O 9. d4 Bd6 10. dxe5 Nxe5 11. Nxe5 Bxe5 12. Nc4 Bf6 13. Bf4 Be6 14. Na5 Qc8 15. Qf3 Re8 16. Rfe1 Be7 17. Qg3 Kh7 18. Bxc7 Bh4 19. Qxh4 Qxc7 20. Nb3 Qb6 21. Rad1 Bxb3 22. axb3 Qxb3 23. Rd2 a5 24. Qf4 Rad8 25. h4 a4 26. Ree2 b5 27. h5 Qc4 28. Qf5+ Kg8 29. e5 Rd5 30. Rxd5 Qxe2 31. Rc5 Re6 32. c4 Qe1+ 33. Kh2 Qb4 34. Rd5 cxd5 35. cxd5 Re8 36. f4 Qxb2 37. Qd7 Rf8 38. e6 fxe6 39. dxe6 Qe2 40. e7 Qxh5+ 41. Kg1 Re8 0-1


[Site "https://www.chess.com"]

[Event "Titled Tuesday Blitz November 07 Early 2023"]
[White "Andreikin, Dmitry"]
[Black "Nyzhnyk, Illya"]
[WhiteFideId "4158814"]
[BlackFideId "14118084"]
[WhiteElo "3112"]
[BlackElo "2899"]
[Result "1-0"]
[Round "11"]
[TimeControl "180+1"]
[Date "2023.11.07"]
[WhiteClock "0:00:14"]
[BlackClock "0:00:00"]
[Board "3"]

1. d4 d5 2. c4 dxc4 3. e3 Nf6 4. Bxc4 e6 5. Nf3 a6 6. O-O c5 7. dxc5 Qxd1 8. Rxd1 Bxc5 9. Be2 Nc6 10. Nbd2 O-O 11. Nb3 Be7 12. Bd2 Bd7 13. Rac1 Rac8 14. Nc5 Bxc5 15. Rxc5 Rfd8 16. Be1 Be8 17. Rxd8 Rxd8 18. Rc1 Ne4 19. h4 h6 20. a3 g5 21. hxg5 hxg5 22. Nh2 f5 23. f3 Nf6 24. Nf1 Kf7 25. Nd2 Kg6 26. Nb3 Ne5 27. Bc3 Nfd7 28. Na5 Rb8 29. Rd1 Kf7 30. Rd6 b6 31. Nc4 Ng6 32. Rc6 Ne7 33. Nd6+ Kf8 34. Rc4 Nd5 35. Bd2 Ke7 36. Nxe8 Rxe8 37. e4 Nf4 38. Bxf4 gxf4 39. exf5 e5 40. Rc6 a5 41. Bb5 Rd8 42. Re6+ Kf7 43. Rd6 Ke7 44. Re6+ Kf7 45. Bc4 Kf8 46. f6 Nc5 47. Rxb6 e4 48. Rb5 1-0


[Site "https://www.chess.com"]

[Event "Titled Tuesday Blitz November 07 Early 2023"]
[White "Navara, David"]
[Black "Pranav, V"]
[WhiteFideId "309095"]
[BlackFideId "25060783"]
[WhiteElo "2943"]
[BlackElo "3074"]
[Result "1-0"]
[Round "11"]
[TimeControl "180+1"]
[Date "2023.11.07"]
[WhiteClock "0:00:50"]
[BlackClock "0:00:08"]
[Board "4"]

1. d4 Nf6 2. c4 e6 3. Nf3 b6 4. g3 Bb7 5. Bg2 Be7 6. O-O O-O 7. Re1 Bb4 8. Nbd2 d5 9. Ne5 Nbd7 10. a3 Bd6 11. Nxd7 Qxd7 12. cxd5 exd5 13. Nc4 Be7 14. Ne5 Qe6 15. b4 c5 16. bxc5 bxc5 17. Rb1 Rab8 18. Bf4 Bd6 19. Nd3 cxd4 20. Qa4 Bxf4 21. Nxf4 Qd6 22. Qxa7 Bc6 23. Rxb8 Rxb8 24. Rc1 g5 25. Nd3 Bb5 26. Rb1 Rb6 27. Qa5 Qc6 28. a4 Qc2 29. Rxb5 Rxb5 30. Qxb5 Qxe2 31. Bf1 Qa2 32. Qb8+ Kg7 33. Qe5 h6 34. Qxd4 1-0


[Site "https://www.chess.com"]

[Event "Titled Tuesday Blitz November 07 Early 2023"]
[White "Khismatullin, Denis"]
[Black "Bluebaum, Matthias"]
[WhiteFideId "4142578"]
[BlackFideId "24651516"]
[WhiteElo "2956"]
[BlackElo "3071"]
[Result "0-1"]
[Round "11"]
[TimeControl "180+1"]
[Date "2023.11.07"]
[WhiteClock "0:00:00"]
[BlackClock "0:00:51"]
[Board "5"]

1. c4 e6 2. Nc3 d5 3. d4 Bb4 4. e3 Nf6 5. a3 Bxc3+ 6. bxc3 c6 7. Bd3 e5 8. Ne2 e4 9. Bb1 O-O 10. O-O b6 11. cxd5 cxd5 12. Ng3 Ba6 13. Re1 Nc6 14. f3 Re8 15. Ra2 Na5 16. Rf2 Rc8 17. fxe4 dxe4 18. Nh5 Nxh5 19. Qxh5 g6 20. Qh6 Qd5 21. a4 Bd3 22. Ba2 Bc4 23. Bb1 Bd3 24. Ba2 Nc4 25. h4 Rc6 26. Qf4 f6 27. Ba3 Kg7 28. g4 h6 29. Qg3 g5 30. Rh2 Qd8 31. Bc1 Qc7 32. Qxc7+ Rxc7 33. Kf2 Rf8 34. Reh1 Rc6 35. Kg3 Rd8 36. hxg5 fxg5 37. Rf2 Rf8 38. Rxf8 Kxf8 39. Rh2 Rf6 40. Rf2 Rxf2 41. Kxf2 a5 42. Bb3 Ke7 43. Kg3 Kd7 44. Kf2 Kc6 45. Ke1 b5 46. axb5+ Kxb5 47. Ba2 a4 48. Kf2 Bc2 49. d5 Bd3 50. Kg3 Kc5 51. d6 Kxd6 52. Kf2 Kc5 53. Ke1 Bc2 54. Kf2 Kd5 55. Kg3 Bb3 56. Bb1 a3 0-1


[Site "https://www.chess.com"]

[Event "Titled Tuesday Blitz November 07 Early 2023"]
[White "Ibarra Jerez, Jose Carlos"]
[Black "Sethuraman, S.P."]
[WhiteFideId "2226332"]
[BlackFideId "5021596"]
[WhiteElo "2998"]
[BlackElo "2926"]
[Result "1-0"]
[Round "11"]
[TimeControl "180+1"]
[Date "2023.11.07"]
[WhiteClock "0:00:04"]
[BlackClock "0:00:00"]
[Board "6"]

1. e4 e5 2. Nf3 Nc6 3. Nc3 Nf6 4. h3 d5 5. exd5 Nxd5 6. Bb5 Nxc3 7. bxc3 Bd6 8. O-O O-O 9. d4 exd4 10. cxd4 Bf5 11. Bg5 Qc8 12. Re1 Nb4 13. Be7 Nxc2 14. Bxf8 Qxf8 15. Nh4 Nxe1 16. Nxf5 Bb4 17. Rb1 c6 18. Bf1 Re8 19. a3 Bxa3 20. Rxb7 g6 21. Bc4 gxf5 22. Bxf7+ Kh8 23. Bxe8 Qxe8 24. Rb1 Nxg2 25. Kxg2 Qe4+ 26. Kg1 Bd6 27. Rb7 c5 28. Rd7 Qf4 29. Qd3 Qc1+ 30. Kg2 Qg5+ 31. Kf1 Qc1+ 32. Ke2 Qb2+ 33. Kf3 Qb8 34. Qxf5 Qa8+ 35. d5 1-0


[Site "https://www.chess.com"]

[Event "Titled Tuesday Blitz November 07 Early 2023"]
[White "Sychev, Klementy"]
[Black "Rasulov, Vugar"]
[WhiteFideId "4114060"]
[BlackFideId "13402390"]
[WhiteElo "2872"]
[BlackElo "2980"]
[Result "1-0"]
[Round "11"]
[TimeControl "180+1"]
[Date "2023.11.07"]
[WhiteClock "0:00:03"]
[BlackClock "0:00:00"]
[Board "7"]

1. e4 e5 2. Nf3 Nc6 3. d4 exd4 4. c3 d5 5. exd5 Qxd5 6. cxd4 Nf6 7. Nc3 Bb4 8. Be2 O-O 9. O-O Qa5 10. Bd2 Bg4 11. a3 Bxc3 12. bxc3 Qd5 13. h3 Bh5 14. Rb1 Rfe8 15. Re1 Rab8 16. c4 Qd6 17. d5 Bxf3 18. Bxf3 Rxe1+ 19. Bxe1 Ne5 20. Bb4 Qd7 21. Be2 Re8 22. Bc5 b6 23. Bd4 h6 24. Qc2 Qd6 25. a4 Ng6 26. Bf1 Nd7 27. Qd2 Nc5 28. Re1 Rd8 29. Qc3 Qf8 30. a5 Na4 31. Qg3 Qd6 32. Qb3 Nc5 33. Qc3 f6 34. axb6 axb6 35. Qc2 Nf8 36. g3 Rd7 37. Qf5 Re7 38. Ra1 Nb3 39. Rd1 Nxd4 40. Rxd4 Re1 41. Rd2 Qb4 42. Re2 Rc1 43. Kg2 Qb1 44. Qxb1 Rxb1 45. Re7 Ng6 46. Rxc7 Ne5 47. d6 Rd1 48. Be2 Rxd6 49. c5 bxc5 50. Rxc5 Rd2 51. Kf1 g5 52. f4 Ng6 53. Bc4+ Kf8 54. Rc6 Ke7 55. Re6+ Kd8 56. Rxf6 Ne7 57. Rf8+ Kc7 58. f5 Nc6 59. f6 Ne5 60. f7 Nd7 61. Re8 Rd4 62. Be6 1-0


[Site "https://www.chess.com"]

[Event "Titled Tuesday Blitz November 07 Early 2023"]
[White "Melkumyan, Hrant"]
[Black "Le, Tuan Minh"]
[WhiteFideId "13302485"]
[BlackFideId "12401153"]
[WhiteElo "2920"]
[BlackElo "3064"]
[Result "0-1"]
[Round "11"]
[TimeControl "180+1"]
[Date "2023.11.07"]
[WhiteClock "0:00:15"]
[BlackClock "0:01:16"]
[Board "8"]

1. d4 d5 2. c4 c6 3. Nf3 Nf6 4. g3 g6 5. cxd5 cxd5 6. Nc3 Nc6 7. Ne5 Bg7 8. Bg2 O-O 9. Nxc6 bxc6 10. O-O Nd7 11. b3 Ba6 12. Ba3 Qa5 13. Bb2 e6 14. Re1 c5 15. dxc5 Bxc3 16. Bxc3 Qxc3 17. Rc1 Qb4 18. c6 Ne5 19. Qc2 Rac8 20. c7 Rfe8 21. Qb2 Qd6 22. Qc3 Re7 23. Qa5 Rexc7 24. Rxc7 Rxc7 25. h3 Rc2 26. f4 Nd7 27. e4 Qb6+ 28. Qxb6 Nxb6 29. exd5 Nxd5 30. a3 Rc3 0-1


[Site "https://www.chess.com"]

[Event "Titled Tuesday Blitz November 07 Early 2023"]
[White "Steinberg, Nitzan"]
[Black "Tsydypov, Zhamsaran"]
[WhiteFideId "2801795"]
[BlackFideId "4108566"]
[WhiteElo "2896"]
[BlackElo "3011"]
[Result "0-1"]
[Round "11"]
[TimeControl "180+1"]
[Date "2023.11.07"]
[WhiteClock "0:00:20"]
[BlackClock "0:01:10"]
[Board "9"]

1. e4 c6 2. Nf3 d5 3. exd5 cxd5 4. Ne5 Nf6 5. d4 a6 6. c3 g6 7. Be2 Bg7 8. O-O O-O 9. Nd2 Nfd7 10. Nd3 Nc6 11. Nf3 b6 12. Re1 Bb7 13. h4 f6 14. Nf4 Qc8 15. Nxd5 Kh8 16. h5 gxh5 17. Nf4 e5 18. Ne6 Rg8 19. Nh4 Nf8 20. Nxf8 Bxf8 21. d5 Ne7 22. c4 Qh3 23. Bxh5 Qxh4 24. Bf3 Qxc4 25. d6 Nd5 26. Re4 Qc5 27. Rh4 f5 28. b4 Qxd6 29. Bb2 Rd8 30. Bh5 Rxg2+ 31. Kf1 Ne3+ 32. fxe3 Qxd1+ 33. Rxd1 Rxd1+ 34. Bxd1 Rxb2 0-1


[Site "https://www.chess.com"]

[Event "Titled Tuesday Blitz November 07 Early 2023"]
[White "Kazakouski, Valery"]
[Black "Galchenko, Matvey"]
[WhiteFideId "13507443"]
[BlackFideId "24175480"]
[WhiteElo "2894"]
[BlackElo "2947"]
[Result "0-1"]
[Round "11"]
[TimeControl "180+1"]
[Date "2023.11.07"]
[WhiteClock "0:00:00"]
[BlackClock "0:00:08"]
[Board "10"]

1. Nf3 c5 2. e4 g6 3. d4 cxd4 4. Nxd4 Bg7 5. c4 Nc6 6. Be3 Nf6 7. Nc3 O-O 8. Be2 d6 9. O-O Nxd4 10. Bxd4 a5 11. f4 Bd7 12. e5 dxe5 13. fxe5 Ne8 14. Bf3 Bc6 15. Nd5 e6 16. Nc3 Bxf3 17. Rxf3 Rc8 18. Qd3 Rc7 19. Rd1 Rd7 20. Qe4 Nc7 21. Rfd3 Na6 22. a3 Qc7 23. Nb5 Qxc4 24. Nd6 Qa4 25. b3 Qxa3 26. Ra1 Qb4 27. Ra4 Nc5 28. Rxb4 Nxe4 29. Rxb7 Rxb7 30. Nxb7 Ra8 31. Re3 Nd2 32. Nc5 Rd8 33. Bc3 Rd5 34. Bxa5 Bh6 35. Rc3 Nb1 36. Rc2 Be3+ 37. Kf1 Bxc5 38. b4 Bd4 39. Bc7 Bxe5 40. Bb6 Nc3 41. Bc5 Nb5 42. Ra2 Bd4 43. Ra8+ Kg7 44. Bf8+ Kf6 45. Ke2 Be5 46. h4 Bd6 47. Bh6 Bxb4 48. Rh8 Nd4+ 49. Kf2 Nf5 50. Bg5+ Kg7 51. Rc8 h6 52. Bf4 Bc5+ 53. Ke2 Bd4 54. g3 Bf6 55. h5 gxh5 0-1


[Site "https://www.chess.com"]

[Event "Titled Tuesday Blitz November 07 Early 2023"]
[White "Zhigalko, Sergei"]
[Black "Yeletsky, Ivan"]
[WhiteFideId "13502956"]
[BlackFideId "24180327"]
[WhiteElo "2894"]
[BlackElo "2941"]
[Result "1-0"]
[Round "11"]
[TimeControl "180+1"]
[Date "2023.11.07"]
[WhiteClock "0:00:04"]
[BlackClock "0:00:00"]
[Board "11"]

1. e4 c5 2. Nf3 d6 3. d4 cxd4 4. Qxd4 Nc6 5. Bb5 Bd7 6. Bxc6 Bxc6 7. Nc3 Nf6 8. Bg5 e6 9. O-O-O Be7 10. Rhe1 O-O 11. Kb1 h6 12. Bh4 a6 13. Qd3 Rc8 14. Bg3 d5 15. e5 Ne4 16. Nxe4 dxe4 17. Qxd8 Rfxd8 18. Nd4 Bd5 19. Bf4 Rd7 20. Be3 Rcd8 21. a3 b5 22. Ne2 b4 23. axb4 Bxb4 24. c3 Be7 25. Kc1 Bc4 26. Rxd7 Rxd7 27. Ng3 Bd3 28. Bf4 g5 29. Be3 Rd5 30. Bd4 Ra5 31. Re3 Ra1+ 32. Kd2 Rb1 33. Nxe4 Bxe4 34. Rxe4 Rxb2+ 35. Kc1 Ba3 36. Kd1 a5 37. Be3 Rb1+ 38. Kc2 Rb2+ 39. Kd3 Rb1 40. Ra4 Bc1 41. Kc2 Bxe3 42. Kxb1 Bxf2 43. Rxa5 Bg1 44. h3 Bh2 45. Kc2 Kg7 46. Kd3 Kg6 47. Ke4 h5 48. g4 hxg4 49. hxg4 f5+ 50. exf6 Kxf6 51. Ra6 Ke7 52. c4 Bg1 53. Ra5 Kf6 54. c5 Ke7 55. c6 Kd6 56. Rxg5 Kxc6 57. Rg6 Kd6 58. Rh6 Ke7 59. Rh5 Kf6 60. Rb5 Bh2 61. Kf3 Bd6 62. g5+ Kg6 63. Kg4 Be7 64. Re5 Kf7 65. Kh5 Bd6 66. Rb5 Bf4 67. Rb7+ Ke8 68. Kg6 e5 69. Kf5 Kf8 70. g6 Kg8 71. Kf6 e4 72. Re7 Bd6 73. Re8+ 1-0


[Site "https://www.chess.com"]

[Event "Titled Tuesday Blitz November 07 Early 2023"]
[White "Aravindh, Chithambaram VR."]
[Black "Rostovtsev, Dmitry"]
[WhiteFideId "5072786"]
[BlackFideId "34278320"]
[WhiteElo "2931"]
[BlackElo "2936"]
[Result "1-0"]
[Round "11"]
[TimeControl "180+1"]
[Date "2023.11.07"]
[WhiteClock "0:00:11"]
[BlackClock "0:00:01"]
[Board "12"]

1. b3 Nf6 2. Bb2 g6 3. Nf3 Bg7 4. e3 O-O 5. d4 d6 6. Be2 c5 7. O-O cxd4 8. Nxd4 Nc6 9. c4 Bd7 10. Nc3 Nxd4 11. Qxd4 Bc6 12. Rfd1 Ne4 13. Qd3 Nxc3 14. Bxc3 Bxc3 15. Qxc3 Qb6 16. Rd4 a5 17. Rad1 Qc5 18. h4 Qb4 19. Qb2 a4 20. h5 axb3 21. axb3 Ra3 22. Rb1 Rfa8 23. hxg6 hxg6 24. Rh4 e5 25. Qc1 Ra2 26. Bf3 Bxf3 27. gxf3 Re2 28. Qf1 Raa2 29. Rh2 Qc3 30. Qh3 Kf8 31. Rf1 Ke7 32. Qh4+ Ke6 33. Qg4+ Ke7 34. Qg5+ Ke6 35. Rh8 Re1 36. Re8+ Kd7 37. Qe7+ Kc6 38. Rc8+ Kb6 39. Qd8+ Ka7 40. Ra8# 1-0


[Site "https://www.chess.com"]

[Event "Titled Tuesday Blitz November 07 Early 2023"]
[White "Kislinsky, Alexey"]
[Black "Orozbaev, Eldiar"]
[WhiteFideId "14108801"]
[BlackFideId "13802240"]
[WhiteElo "2684"]
[BlackElo "2773"]
[Result "0-1"]
[Round "11"]
[TimeControl "180+1"]
[Date "2023.11.07"]
[WhiteClock "0:01:30"]
[BlackClock "0:01:46"]
[Board "13"]

1. e4 e6 2. d4 d5 3. e5 c5 4. c3 Nc6 5. Nf3 Qb6 6. Be2 f6 7. O-O fxe5 8. Nxe5 Nf6 9. Bh5+ g6 10. Be2 Bg7 11. Nxc6 bxc6 12. dxc5 Qxc5 13. Be3 Qd6 14. Nd2 O-O 15. f4 Qc7 16. Bd4 Bd7 17. Nb3 Ne4 18. g3 e5 19. fxe5 Bxe5 20. Bf3 Bh3 21. Bg2 Bxg2 22. Kxg2 Rxf1 23. Kxf1 Rf8+ 24. Kg1 Bxg3 25. Qe2 Bf2+ 26. Kh1 Bxd4 0-1


[Site "https://www.chess.com"]

[Event "Titled Tuesday Blitz November 07 Early 2023"]
[White "Aradhya, Garg"]
[Black "Martinez Alcantara, Jose Eduardo"]
[WhiteFideId "25006746"]
[BlackFideId "3805662"]
[WhiteElo "2747"]
[BlackElo "3036"]
[Result "0-1"]
[Round "11"]
[TimeControl "180+1"]
[Date "2023.11.07"]
[WhiteClock "0:00:37"]
[BlackClock "0:02:05"]
[Board "14"]

1. d4 c5 2. d5 e5 3. e4 d6 4. Bb5+ Nd7 5. a4 Be7 6. Nf3 a6 7. Be2 Ngf6 8. Nc3 O-O 9. O-O Re8 10. Nd2 b6 11. Nc4 Rb8 12. Ne3 g6 13. Bd3 Bf8 14. Qe2 Ra8 15. Nc4 Nh5 16. g3 Qc7 17. Be3 Rb8 18. Nd2 Ra8 19. Rfb1 Ng7 20. Nd1 f5 21. f3 Nf6 22. b4 f4 23. Bf2 fxg3 24. hxg3 h5 25. bxc5 bxc5 26. Nc4 h4 27. g4 Be7 28. Nb6 Ra7 29. Nxc8 Qxc8 30. Bxh4 Nfh5 31. gxh5 Bxh4 32. hxg6 Nh5 33. Qh2 Qd8 34. Ne3 Qg5+ 35. Ng4 Rg7 36. Kh1 Ng3+ 37. Kg2 Rf8 38. Rg1 Rxg6 39. Rad1 Rxf3 40. Kxf3 Qxg4+ 41. Kg2 Nf1+ 42. Kh1 Qf3+ 43. Qg2 Rxg2 44. Rxg2+ Ng3+ 45. Kh2 Qxd1 46. Rxg3+ Bxg3+ 47. Kxg3 a5 48. Kh4 Kg7 49. Kg5 Qf3 50. Kh4 Kh6 51. Bb5 Qxe4+ 52. Kg3 Qf4+ 53. Kh3 Kg5 54. Bd7 e4 55. Be6 e3 56. Bd7 Qf2 57. Bb5 e2 58. Bxe2 Kf4 59. Bc4 Qg3# 0-1


[Site "https://www.chess.com"]

[Event "Titled Tuesday Blitz November 07 Early 2023"]
[White "Elsa167"]
[Black "elprimo2012mortis"]
[WhiteElo "2976"]
[BlackElo "2790"]
[Result "1-0"]
[Round "11"]
[TimeControl "180+1"]
[Date "2023.11.07"]
[WhiteClock "0:00:16"]
[BlackClock "0:00:02"]
[Board "15"]

1. e4 c6 2. d4 d5 3. exd5 cxd5 4. Bd3 Nf6 5. c3 Bg4 6. Ne2 e6 7. f3 Bh5 8. Nf4 Bg6 9. Nxg6 hxg6 10. f4 Nc6 11. Qf3 Bd6 12. Be3 Qb6 13. Qe2 Qc7 14. g3 a6 15. Nd2 Ne7 16. Nf3 Nf5 17. Bf2 Ng4 18. O-O-O Nxf2 19. Qxf2 b5 20. Kb1 b4 21. Rc1 Qb7 22. c4 dxc4 23. Rxc4 b3 24. a3 O-O 25. Rhc1 Rac8 26. g4 Bxf4 27. gxf5 Bxc1 28. Rxc1 Rxc1+ 29. Kxc1 Rc8+ 30. Kd1 gxf5 31. Qe3 a5 32. h4 a4 33. h5 Qd5 34. Ke2 Rc2+ 35. Bxc2 bxc2 36. Kd2 f4 37. Qxf4 Qc4 38. Qb8+ Kh7 39. Ng5+ Kh6 40. Nxf7+ Kh7 41. Qh8# 1-0


[Site "https://www.chess.com"]

[Event "Titled Tuesday Blitz November 07 Early 2023"]
[White "Makhnev, Denis"]
[Black "Sattarov, Bobir"]
[WhiteFideId "13707647"]
[BlackFideId "14203081"]
[WhiteElo "2924"]
[BlackElo "2774"]
[Result "1-0"]
[Round "11"]
[TimeControl "180+1"]
[Date "2023.11.07"]
[WhiteClock "0:00:58"]
[BlackClock "0:00:00"]
[Board "16"]

1. d4 Nf6 2. Nf3 c5 3. d5 d6 4. Nc3 e5 5. e4 Be7 6. Bb5+ Nbd7 7. a4 h6 8. Be2 g5 9. Nd2 Nf8 10. Nc4 Ng6 11. g3 Bd7 12. Ne3 a6 13. a5 Kf8 14. b3 Qb8 15. Qd3 Bd8 16. Bd2 Bc7 17. Ncd1 Qd8 18. Nb2 Bb5 19. Nbc4 Ne8 20. Kd1 Ng7 21. Kc1 Qd7 22. Bg4 Qd8 23. Kb2 h5 24. Be2 h4 25. Bg4 Bd7 26. Qe2 Ne8 27. Qf3 Ng7 28. Nf5 Qf6 29. Nfxd6 Qxf3 30. Bxf3 g4 31. Be2 Rb8 32. Be3 f5 33. Bxc5 Kg8 34. Nb6 Bxb6 35. Bxb6 f4 36. Bc7 Rf8 37. Nxb7 fxg3 38. fxg3 Rf2 39. Bxa6 Ne8 40. Bb6 Rg2 41. Bc4 Nf6 42. a6 Kg7 43. Nc5 Be8 44. a7 Bf7 45. a8=Q Rxa8 46. Rxa8 h3 47. Ra7 1-0


[Site "https://www.chess.com"]

[Event "Titled Tuesday Blitz November 07 Early 2023"]
[White "Kukhmazov, Arsen"]
[Black "NovozhilovSemen"]
[WhiteFideId "24108260"]
[WhiteElo "2912"]
[BlackElo "2727"]
[Result "0-1"]
[Round "11"]
[TimeControl "180+1"]
[Date "2023.11.07"]
[WhiteClock "0:00:00"]
[BlackClock "0:00:17"]
[Board "17"]

1. d4 Nf6 2. c4 e6 3. Nf3 d5 4. g3 dxc4 5. Bg2 Nc6 6. Qa4 Bb4+ 7. Bd2 Nd5 8. Bxb4 Nxb4 9. O-O Rb8 10. Nc3 a6 11. Ne5 O-O 12. Nxc6 bxc6 13. Bxc6 Nxc6 14. Qxc6 Qd6 15. Qxc4 Rb4 16. Qd3 Rxd4 17. Qe3 Bb7 18. f3 Rd8 19. Rac1 h6 20. Rc2 Qb6 21. Kf2 h5 22. b3 h4 23. Na4 Qd6 24. Nc5 Ba8 25. Nd3 Rd5 26. Qf4 e5 27. Qxh4 Rd4 28. Qg5 e4 29. fxe4 Rxe4 30. Qc5 Qh6 31. Kg1 Rde8 32. Qxc7 Qe3+ 33. Nf2 R4e5 34. Qc3 Qb6 35. Rd1 Qb7 36. e4 Rxe4 37. Nxe4 Qxe4 38. Qd3 Qh1+ 0-1


[Site "https://www.chess.com"]